 Dungeon Crawl Stone Soup version 0.28-a0-779-g3d1f99b579 (webtiles) character file.

Game seed: 14169359552958423352

79 croobank the Skirmisher (level 4, -1/29 HPs)
             Began as a Gargoyle Monk on Nov 2, 2021.
             Slain by a kobold (2 damage)
             ... on level 2 of the Dungeon.
             The game lasted 00:10:11 (1365 turns).

croobank the Skirmisher (Gargoyle Monk)             Turns: 1365, Time: 00:10:11

Health: -1/29      AC:  7    Str: 15    XL:     4   Next: 37%
Magic:  4/4        EV: 12    Int: 11    God:
Gold:   81         SH:  0    Dex: 12    Spells: 3/3 levels left

rFire   . . .      SeeInvis .   a - +1 mace
rCold   . . .      Faith    .   (no shield)
rNeg    + . .      Spirit   .   b - +0 robe
rPois   ∞          Reflect  .   (no helmet)
rElec   +          Harm     .   l - +1 cloak
rCorr   .          Rampage  .   (no gloves)
Will    .....                   (no boots)
Stlth   ++........              (no amulet)
HPRegen 0.09/turn               e - ring of poison resistance
MPRegen 0.09/turn               (no ring)

@: no status effects
A: sickness immunity, AC +3, negative energy resistance 1, electricity
resistance, torment resistance 1, petrification resistance
a: no special abilities


You were on level 2 of the Dungeon.
You visited 1 branch of the dungeon, and saw 2 of its levels.

You collected 81 gold pieces.

Inventory:

Hand Weapons
 a - a +1 mace (weapon)
 f - a +0 short sword
Missiles
 i - 47 stones
 k - 3 poisoned darts (quivered)
 n - 34 arrows
Armour
 b - a +0 robe (worn)
 h - a +1 chain mail of poison resistance
 l - a +1 cloak (worn)
Magical Staves
 d - a staff of poison
Jewellery
 e - a ring of poison resistance (left hand)
Potions
 c - a potion of flight {unknown}
 g - a potion of berserk rage {unknown}
 j - a potion of might {unknown}
 m - a potion of brilliance {unknown}


   Skills:
 + Level 3.8 Fighting
 + Level 3.7 Maces & Flails
 + Level 1.0 Throwing
 + Level 2.9 Dodging
 + Level 2.6 Stealth


You had 3 spell levels left.
You didn't know any spells.
Your spell library was empty.

Dungeon Overview and Level Annotations

Branches:
Dungeon (2/15)

Altars:
Fedhas


Innate Abilities, Weirdness & Mutations

You are immune to sickness and miasma.
Your stone body is resilient. (AC +3)
You are immune to poison.
You resist negative energy. (rN+)
You are resistant to electric shocks. (rElec)
You are resistant to unholy torment.
You are immune to petrification.


Message History

The gnoll completely misses you.
Throw: 5 darts (poison)
Press: ? - help, Q - select action, (/) - cycle Shift-Dir - straight line, f/p - kobold
Aim: a kobold, wielding a +0 short sword and quivering stones (50% to hit)
You throw a poisoned dart. The poisoned dart hits the gnoll.
The gnoll looks even sicker.
The gnoll is heavily wounded.
The gnoll hits you but does no damage.
Throw: 4 darts (poison)
Press: ? - help, Q - select action, (/) - cycle Shift-Dir - straight line, f/p - kobold
Aim: a kobold, wielding a +0 short sword and quivering stones (50% to hit)
You throw a poisoned dart. The poisoned dart hits the gnoll.
The gnoll looks as sick as possible!
The gnoll is heavily wounded.
The gnoll hits you from afar with a +0 spear.
The gnoll hits you from afar with a +0 spear.
The gnoll misses you.
You hit the gnoll.
You kill the gnoll!
The gnoll hits you but does no damage.
The gnoll looks more healthy.
The gnoll hits you with a +0 spear.
Things that are here:
a +0 spear; 5 poisoned darts You hit the gnoll.
The gnoll is almost dead.
The gnoll hits you with a +0 spear.
You hit the gnoll but do no damage.
The gnoll is almost dead.
The gnoll hits you with a +0 spear. The gnoll misses you.
You hit the gnoll.
You kill the gnoll!
Your Throwing skill increases to level 1!
You barely miss the kobold. The kobold hits you but does no damage.
You closely miss the kobold. The gnoll closely misses you.
The kobold completely misses you.
The gnoll hits you from afar with a +0 halberd!
* * * LOW HITPOINT WARNING * * *
You barely miss the kobold.
The kobold hits you with a +0 short sword.
You die...

..........#.####
###.......#.# #
#.#####.#.# #.
#.#.######## #
#.#..).....#
#.#.######.#
###(#.# #.#
.......#####.#
#...(gK@..#
(......#######
.......# >.###.(
. #.( #.. .## #


You could see a gnoll and a kobold.

Vanquished Creatures
  2 gnolls (D:2)
  3 adders (D:2)
  A worm (D:2)
  A ball python (D:1)
  3 endoplasms
  5 hobgoblins
  3 jackals (D:2)
  A quokka (D:1)
  4 bats
  A frilled lizard (D:1)
  3 goblins (D:2)
  3 kobolds
  A rat (D:2)
31 creatures vanquished.

Notes
Turn   | Place    | Note
-------+----------+-------------------------------------------
     0 | D:1      | croobank the Gargoyle Monk began the quest for the Orb.
     0 | D:1      | Reached XP level 1. HP: 14/14 MP: 1/1
   484 | D:1      | Reached XP level 2. HP: 19/19 MP: 2/2
   681 | D:1      | Found a faded altar of an unknown god.
  1005 | D:2      | Reached XP level 3. HP: 17/24 MP: 3/3
  1226 | D:2      | Found a blossoming altar of Fedhas.
  1341 | D:2      | Reached XP level 4. HP: 28/29 MP: 4/4
  1363 | D:2      | Reached skill level 1 in Throwing
  1364 | D:2      | HP: 1/29 [gnoll (8)]
  1365 | D:2      | Slain by a kobold

Illustrated notes

Levels and vault maps discovered:
D:1:      scummos_arrival_hexagon, layout_rooms,
          hellmonk_ecumenical_altar_leap_of_faith, hangedman_decor_riveting
D:2:      layout_loops_ring, basic_altar

Skill      XL: |  1  2  3  4 |
---------------+-------------+-----
Throwing       | 1 |  1.0
Fighting       | |  3.8
Maces & Flails | |  3.7
Dodging        | |  2.9
Stealth        | |  2.6

Action                   |  1- 3 |  4- 6 || total
-------------------------+-------+-------++-------
Melee: Mace              |    72 |     7 ||    79
Throw: Dart              |    37 |    11 ||    48
  Use: Scroll            |     5 |       ||     5
Armor: Robe              |    21 |     4 ||    25
Dodge: Dodged            |    62 |     7 ||    69

Table legend: (Time is in decaauts)
 A = Elapsed time spent in this place.
 B = Non-inter-level travel time spent in this place.
 C = Inter-level travel time spent in this place.
 D = Time resting spent in this place.
 E = Time spent auto-exploring this place.
 F = Levels seen in this place.
 G = Mean time per level.
                   A        B        C        D        E       F      G
               +--------+--------+--------+--------+--------+-----+--------+
         Total |   1381 |   1381 |      0 |    520 |    369 |   2 |  690.5 |
       Dungeon |   1381 |   1381 |      0 |    520 |    369 |   2 |  690.5 |
               +--------+--------+--------+--------+--------+-----+--------+

Top non-repeatable levels by time:
     D:1: 971 daAuts
     D:2: 409 daAuts
